 Dungeon Sprint DCSS version 0.17-a0-226-ge260c71 (webtiles) character file.

1229 BluebellGnoll the Arsonist (level 8, 0/57 HPs)
             Began as an Octopode Fire Elementalist on Mar 28, 2015.
             Was a Follower of Vehumet.
             Killed from afar by a deep elf conjurer (32 damage)
             ... with a bolt of cold
             ... in the Dungeon (Sprint V: "Ziggurat Sprint").
             The game lasted 00:03:45 (257 turns).

BluebellGnoll the Arsonist (OpFE)                    Turns: 257, Time: 00:03:46

Health: 0/57       AC:  1    Str: 18    XL:     8   Next: 48%
Magic:  17/31      EV: 25    Int: 37    God:    Vehumet [*.....]
Gold:   0          SH:  0    Dex: 30    Spells: 4 memorised, 12 levels left

rFire  . . .     SeeInvis .     s - +6 Majin-Bo {vamp, Archmagi MP+6 Int+6}
rCold  . . .     Clarity  .     (no shield)
rNeg   . . .     SustAb   .     (helmet restricted)
rPois  .         Gourm    .     (no amulet)
rElec  .         Spirit   .     m - +6 ring of dexterity
rCorr  .         Warding  .     n - +6 ring of dexterity
rMut   .         NoTele   +     o - +6 ring of intelligence
MR     .....                    p - +6 ring of intelligence
Stlth  +++++.....               r - +6 ring of strength
                                (no ring)
                                (no ring)
                                (no ring)

@: mighty, agile, very slightly contaminated, invisible, not resistant to
hostile enchantments, quite stealthy
A: almost no armour, amphibious, 8 rings, constrict 8, camouflage 1, gelatinous
body 1
a: Renounce Religion


You were in the Dungeon.
You worshipped Vehumet.
Vehumet was aware of your devotion.
You were not hungry.

You visited 1 branch

Inventory:

Hand weapons
 s - the +6 Majin-Bo (weapon) {vamp, Archmagi MP+6 Int+6}
   (You found it in the Dungeon)

   It inflicts no extra harm, but heals its wielder somewhat when it strikes a
   living foe.
   It affects your intelligence (+6).
   It affects your magic capacity (+6).
 G - a +5 lajatang
Jewellery
 m - a +6 ring of dexterity (left tentacle)
 n - a +6 ring of dexterity (right tentacle)
 o - a +6 ring of intelligence (on tentacle)
 p - a +6 ring of intelligence (on tentacle)
 q - a +6 ring of strength
 r - a +6 ring of strength (on tentacle)
Magical devices
 a - a wand of disintegration (7)
 j - a wand of fire (5)
 k - a wand of cold (5)
 l - a wand of draining (5)
Scrolls
 i - 4 scrolls of blinking
 v - 4 scrolls of amnesia
 w - 3 scrolls of recharging
 x - 7 scrolls of fog
 y - a scroll of holy word
 z - 5 scrolls of identify
 A - 5 scrolls of remove curse
 B - 2 scrolls of fear
Potions
 d - 10 potions of curing
 e - 10 potions of heal wounds
 f - 5 potions of haste
 g - 7 potions of magic
 h - 3 potions of berserk rage
 C - 2 potions of brilliance
 D - a potion of invisibility
 E - 2 potions of restore abilities
 F - 4 potions of resistance
 H - 4 potions of agility
 I - 4 potions of might
Books
 b - a book of Flames

   Spells                             Type                      Level
   a - Flame Tongue                   Conjuration/Fire             1
   b - Throw Flame                    Conjuration/Fire             2
   c - Conjure Flame                  Conjuration/Fire             3
   d - Inner Flame                    Hexes/Fire                   3
   e - Sticky Flame                   Conjuration/Fire             4
   f - Fireball                       Conjuration/Fire             5
 K - Iskenderun's Compendium of Confrontation
   (You found it in the Dungeon)

   Spells                             Type                      Level
   a - Shock                          Conjuration/Air              1
   b - Magic Dart                     Conjuration                  1
   c - Throw Frost                    Conjuration/Ice              2
   d - Fulminant Prism                Conjuration/Hexes            4
   e - Bolt of Magma                  Conjuration/Fire/Earth       5
   f - Spellforged Servitor           Conjuration/Summoning        7
Miscellaneous
 L - a disc of storms
Comestibles
 c - 5 bread rations
 t - 39 fruits
 u - 4 meat rations
 J - 5 chunks of flesh


   Skills:
 * Level 5.7 Fighting
 * Level 5.6 Staves
 - Level 6.9 Dodging
 - Level 2.6 Stealth
 - Level 9.0 Spellcasting
 - Level 6.5 Conjurations
 - Level 10.3 Fire Magic


You had 12 spell levels left.
You knew the following spells:

 Your Spells              Type           Power        Failure   Level  Hunger
a - Flame Tongue          Conj/Fire      #####        1%          1    None
b - Throw Flame           Conj/Fire      ######       1%          2    None
f - Fireball              Conj/Fire      #######...   1%          5    ###....
g - Bolt of Magma         Conj/Fire/Erth ######....   10%         5    ###....


Dungeon Overview and Level Annotations

Branches:
Dungeon (1/1)

Altars:
Ashenzari
Cheibriados
Dithmenos
Elyvilon
Fedhas
Gozag
Kikubaaqudgha
Makhleb
Nemelex Xobeh
Okawaru
Qazlal
Ru
Sif Muna
Trog
Vehumet
Xom
Yredelemnul
Zin
The Shining One
Beogh
Jiyva
Lugonu


Innate Abilities, Weirdness & Mutations

You cannot wear most types of armour.
You are amphibious.
You can wear up to eight rings at the same time.
You can use your tentacles to constrict many enemies at once.
Your skin changes colour to match your surroundings (Stealth).
Your rubbery body absorbs attacks (AC +1).


Message History

Aim: a deep elf mage, wielding a short sword (resting)
You feel a surge of power!
The fireball explodes!
The fireball engulfs the deep elf mage.
The deep elf mage is heavily wounded.
The fireball engulfs the deep elf conjurer.
The deep elf conjurer is severely wounded.
The fireball engulfs the fungus.
The fungus is almost destroyed.
The fireball engulfs the deep elf fighter.
You kill the deep elf fighter!
Vehumet accepts your kill.
You can now gain magical power from killing.
Vehumet offers you knowledge of Sting.
Your Fighting skill increases to level 5!
Your Staves skill increases to level 5!
The deep elf conjurer shouts!
The deep elf conjurer points at you and mumbles some strange words.
The bolt of cold hits you!
Ouch! That really hurt!
You die...

▓▓▓▓▓▓▓▓▓▓▓▓▓▓▓▓▓▓▓
▓.8©8.▓.8©8.▓.8©8.▓
▓.eP).▓..[|.▓.....▓
▓..e..▓.....▓.).).▓
▓.....▓.....▓.....▓
▓.....▓.....▓.....▓
▓.....▓.....▓.....▓
▓..@..▓.....▓▓▓▓▓▓▓
▓▓▓▓▓▓▓▓▓▓▓▓▓


You could see a deep elf conjurer and a deep elf mage (wandering).

Vanquished Creatures
  2 draconians (D)
  An air elemental (D)
  A deep elf fighter (D)
  2 insubstantial wisps (D)
6 creatures vanquished.

Vanquished Creatures (others)
  A spatial maelstrom (D)
1 creature vanquished.

Grand Total: 7 creatures vanquished

Notes
Turn   | Place    | Note
--------------------------------------------------------------
     0 | D        | BluebellGnoll, the Octopode Fire Elementalist, began the quest for the Orb.
     0 | D        | Reached XP level 1. HP: 11/11 MP: 3/3
     0 | D        | Found a viscous altar of Jiyva.
     0 | D        | Found a corrupted altar of Lugonu.
     0 | D        | Found a white marble altar of Elyvilon.
     2 | D        | Found a sparkling altar of Nemelex Xobeh.
     2 | D        | Found a burning altar of Makhleb.
     3 | D        | Found a deep blue altar of Sif Muna.
     3 | D        | Found a bloodstained altar of Trog.
     6 | D        | Found an iron altar of Okawaru.
     7 | D        | Banished a spatial maelstrom
    16 | D        | Found a radiant altar of Vehumet.
    19 | D        | Found a basalt altar of Yredelemnul.
    20 | D        | Found a shimmering altar of Xom.
    27 | D        | Reached skill level 7 in Spellcasting
    27 | D        | Reached XP level 2. HP: 17/17 MP: 4/12
    36 | D        | Became a worshipper of Vehumet
   206 | D        | Learned a level 2 spell: Throw Flame
   210 | D        | Entered arena 1.
   210 | D        | Noticed a draconian
   210 | D        | Noticed a draconian
   216 | D        | Killed a draconian
   216 | D        | Reached skill level 10 in Fire Magic
   216 | D        | Reached XP level 3. HP: 21/21 MP: 14/14
   216 | D        | Reached XP level 4. HP: 27/27 MP: 17/17
   216 | D        | Reached XP level 5. HP: 31/31 MP: 18/18
   216 | D        | Reached XP level 6. HP: 36/36 MP: 20/20
   221 | D        | Killed a draconian
   221 | D        | Reached XP level 7. HP: 41/41 MP: 24/24
   227 | D        | Identified Iskenderun's Compendium of Confrontation (You found it in the Dungeon)
   234 | D        | Learned a level 5 spell: Fireball
   240 | D        | Learned a level 5 spell: Bolt of Magma
   241 | D        | Entered arena 2.
   241 | D        | Noticed an air elemental
   241 | D        | Noticed an insubstantial wisp
   241 | D        | Noticed an insubstantial wisp
   243 | D        | Killed an air elemental
   243 | D        | Reached XP level 8. HP: 40/52 MP: 20/25
   246 | D        | Killed an insubstantial wisp
   251 | D        | Killed an insubstantial wisp
   256 | D        | Entered arena 3.
   256 | D        | Noticed a deep elf conjurer
   256 | D        | Noticed a deep elf fighter
   256 | D        | Noticed a deep elf mage
   257 | D        | Killed a deep elf fighter
   257 | D        | Acquired Vehumet's first power
   257 | D        | Offered knowledge of Sting by Vehumet.
   257 | D        | Reached skill level 5 in Fighting
   257 | D        | Reached skill level 5 in Staves
   257 | D        | Killed from afar by a deep elf conjurer

Action                   |  1- 3 |  4- 6 |  7- 9 || total
-------------------------+-------+-------+-------++-------
Melee: Quarterstaff      |     3 |     3 |     5 ||    11
 Cast: Fireball          |       |       |     3 ||     3
  Use: Potion            |     5 |       |       ||     5
 Stab: Invisible         |     1 |     2 |     3 ||     6
       Sleeping          |     1 |     1 |       ||     2
  Eat: Fruit             |     3 |       |       ||     3
